AoeStats
← Sid

Arabia

507649864Analyzed
2v2 RM · 13d ago on Sep 19, 2026· 45m 8s· 4 players
Game mode
Random Map
Map size
Medium (4 player)
Population
200
Speed
Normal
Resources
Standard
Victory
Conquest
Starting age
Dark Age
Ending age
Imperial Age
RankedLock teamsTeams togetherTeam positionsShared explorationLock speedFull tech treeHidden civsTurbo modeCheats
Victory
Defeat
🇯🇵 Jurchens · Japan
1265
+14
🇯🇵 Lithuanians · Japan
1244
+15
🇧🇷 Turks · Brazil
1246
-15
🇧🇷 Khmer · Brazil
1203
-14
TAGA AC
8:59 Loom
10:58 Feudal Age
11:51 Double-Bit Axe
15:43 Horse Collar
17:04 Fletching
21:26 Wheelbarrow
24:35 Castle Age
25:58 Forging
25:56 Scale Barding Armor
26:45 Husbandry
29:25 Iron Casting
30:25 Crossbowman
35:36 Wheelbarrow
36:31 Pikeman
38:07 Town Watch
38:59 Bodkin Arrow
39:33 Hand Cart
x90 AC
6:06 Loom
8:47 Feudal Age
9:42 Double-Bit Axe
21:46 Castle Age
19:48 Horse Collar
22:56 Forging
24:22 Bloodlines
27:37 Husbandry
31:45 Scale Barding Armor
32:09 Bow Saw
34:29 Wheelbarrow
34:50 Gold Mining
36:13 Fletching
43:27 Imperial Age
Sid
5:49 Loom
8:43 Feudal Age
9:17 Double-Bit Axe
15:22 Horse Collar
23:22 Castle Age
22:10 Gold Mining
23:34 Scale Barding Armor
23:41 Forging
24:16 Bloodlines
24:09 Scale Mail Armor
23:40 Pikeman
25:35 Squires
26:01 Fletching
26:57 Husbandry
27:35 Light Cavalry
30:22 Heavy Plow
34:24 Bodkin Arrow
36:52 Bow Saw
37:28 Wheelbarrow
43:54 Imperial Age
41:44 Stone Mining
42:42 Padded Archer Armor
43:26 Chain Barding Armor
43:03 Town Watch
44:32 Iron Casting
45:57 Hand Cart
46:04 Conscription
fumin
6:47 Loom
9:47 Feudal Age
10:25 Double-Bit Axe
10:20 Horse Collar
21:34 Castle Age
20:22 Gold Mining
21:23 Padded Archer Armor
21:33 Town Watch
22:51 Bow Saw
23:01 Elite Skirmisher
25:05 Heavy Plow
26:58 Leather Archer Armor
27:10 Scale Mail Armor
28:04 Wheelbarrow
28:59 Ballistics
28:48 Squires
29:25 Scale Barding Armor
29:30 Forging
29:36 Husbandry
30:08 Bloodlines
30:23 Chain Mail Armor
30:32 Chain Barding Armor
33:07 Chain Mail Armor
33:27 Iron Casting
36:17 Hand Cart
39:42 Imperial Age
38:25 Gold Shaft Mining
41:05 Plate Barding Armor
39:59 Elite Steppe Lancer
40:00 Light Cavalry
41:49 Blast Furnace
41:33 Hussar
42:48 Devotion
Connection lost

Rejoining the realm…

Still unreachable

The connection could not be restored.

Session expired

The server has moved on; the page needs a fresh start.